 Dungeon Crawl Stone Soup version bcrawl-1.41.1 (webtiles) character file.

Game seed: 8998439396153418803

162525 Grimmash the Sneak (level 5, 28/30 HPs)
             Began as a Skeleton Archaeologist on Apr 18, 2024.
             Quit the game on level 3 of the Dungeon.
             The game lasted 00:02:18 (1905 turns).

Grimmash the Sneak (Skeleton Archaeologist)         Turns: 1905, Time: 00:02:19

Health: 28/30      AC:  9    Str: 17    XL:     5   Next: 1%
Magic:  6/7        EV: 12    Int: 14    God:
Gold:   183        SH:  0    Dex:  7    Spells: 7/7 levels left

rFire    . . .     GDR:     20% a - +0 mace
rCold    + . .     SeeInvis .   (no shield)
rNeg     + + +     Gourm    .   q - +0 ring mail
rPois    ∞         Faith    .   d - +1 hat
rElec    .         Spirit   +   k - scarf {clouds}
rCorr    .         Reflect  .   m - +0 pair of gloves
MR       .....                  e - +1 pair of boots
Stlth    ++........             n - amulet of the acrobat
HPRegen  0.15/turn              (no ring)
MPRegen  0.10/turn              (no ring)

@: no status effects
A: no food or potions, cold resistance 1, deterioration 1, negative energy
resistance 3, torment resistance, unbreathing, magic shield, sturdy frame 1,
spell healing
a: Evoke Fog


You were on level 3 of the Dungeon.
You were not hungry.

You visited 1 branch of the dungeon, and saw 3 of its levels.

You collected 183 gold pieces.

Inventory:

Hand Weapons
 a - a +0 mace (weapon)
 b - a +0 blowgun
Missiles
 f - 5 curare-tipped needles
Armour
 d - a +1 hat (worn)
 e - a +1 pair of boots (worn)
 k - a scarf of clouds (worn)
 m - a +0 pair of gloves (worn)
 q - a +0 ring mail (worn)
Jewellery
 n - an amulet of the acrobat (around neck)
Wands
 r - a wand of paralysis (6)
Scrolls
 c - a scroll of fear {unknown}
 g - a scroll of revelation
 i - a scroll of identify
 j - a scroll of teleportation {unknown}
 l - a scroll of immolation {unknown}
 o - a scroll of enchant armour {unknown}
 p - a scroll of remove curse {unknown}
 s - a scroll of amnesia {unknown}


   Skills:
 * Level 1.7 Fighting
 * Level 3.0 Maces & Flails
 * Level 1.3 Armour
 * Level 3.9 Dodging
 + Level 4.3 Stealth
 * Level 1.8 Spellcasting


You had 7 spell levels left.
You didn't know any spells.
Your spell library was empty.

Dungeon Overview and Level Annotations

Branches:
Dungeon (3/12)

Altars:


Innate Abilities, Weirdness & Mutations

You do not eat or drink.
You are immune to poison.
Your flesh is cold resistant. (rC+)
Your body sometimes deteriorates upon taking damage.
You are immune to negative energy. (rN+++)
You are immune to unholy pain and torment.
You can survive without breathing.
When hurt, damage is shared between your health and your magic reserves.
Your movements are slightly less encumbered by armour. (ER -2)
Casting spells heals you.


Message History

You have reached level 5!
You're now able to understand the dusty tome!
Part of it contains a powerful arcane formula!
Most of the book is about a legendary artefact.
It claims this artefact was created by a master of translocation magic, which supposedly proves the superiority of translocations to the other schools of magic.
As you read the scroll of acquirement, it crumbles to dust.
Acquire which item? (Press ! for descriptions.) A: +2 hunting sling "Ykaurec" {velocity, rPois MR++ SInv Stlth+} B: +2 buckler of protection; C: ring "Simuisky" {Ice Int+3} D: manual of Staves; E: staff of power; F: wand of acid (18) G: 487 gold pieces This will waste the scroll!
Really cancel your acquirement? (Y/N) Acquire which item? (Press ! for descriptions.) A: +2 hunting sling "Ykaurec" {velocity, rPois MR++ SInv Stlth+} B: +2 buckler of protection; C: ring "Simuisky" {Ice Int+3} D: manual of Staves; E: staff of power; F: wand of acid (18) G: 487 gold pieces This will waste the scroll!
Really cancel your acquirement? (Y/N) Cancelling acquirement.
The quokka bites you.
Are you sure you want to abandon this character and quit the game? (Confirm with "yes".)

###
#.#
#<#
#.#
#.#
#.#
#@#
#r#
#o#
...
#).
....
....
..$..


You could see an orc wizard and a quokka.

Vanquished Creatures
  An orc priest (D:3)
  A jelly (D:3)
  An ooze (D:1)
  2 dart slugs (D:1)
  5 leopard geckos
  An orc (D:3)
  5 bats
  2 giant cockroaches (D:1)
  7 goblins
  5 hobgoblins (D:1)
  7 jackals
  6 kobolds
  A quokka (D:1)
  2 ball pythons (D:2)
  2 frilled lizards
  7 rats
55 creatures vanquished.

Notes
Turn   | Place    | Note
-------+----------+-------------------------------------------
     0 | D:1      | Grimmash the Skeleton Archaeologist began the quest for the
                  | Orb.
     0 | D:1      | Reached XP level 1. HP: 12/12 MP: 1/1
   191 | D:1      | Reached XP level 2. HP: 16/16 MP: 2/2
   295 | D:1      | Reached skill level 4 in Stealth
   543 | D:1      | Reached skill level 1 in Spellcasting
   609 | D:1      | Reached XP level 3. HP: 20/20 MP: 4/4
   791 | D:1      | Reached skill level 1 in Armour
  1473 | D:2      | Reached XP level 4. HP: 25/25 MP: 5/5
  1904 | D:3      | Reached XP level 5. HP: 30/30 MP: 7/7
  1904 | D:3      | Identified a scroll of acquirement
  1904 | D:3      | Identified the +2 hunting sling "Ykaurec" {velocity, rPois
                  | MR++ SInv Stlth+} (You acquired it on level 3 of the
                  | Dungeon)
  1904 | D:3      | Identified the ring "Simuisky" {Ice Int+3} (You acquired it
                  | on level 3 of the Dungeon)
  1905 | D:3      | Quit the game

Skill      XL: |  1  2  3  4 |
---------------+-------------+-----
Stealth        | 4 |  4.3
Spellcasting   | 1 |  1.8
Armour         | 1 |  1.3
Maces & Flails | 2 3 |  3.0
Fighting       | |  1.7
Dodging        | |  3.9

Action                   |  1- 3 |  4- 6 || total
-------------------------+-------+-------++-------
Melee: Whip              |   170 |       ||   170
       Mace              |    24 |    17 ||    41
 Fire: Blowgun           |       |     1 ||     1
  Use: Scroll            |     1 |     1 ||     2
 Stab: Sleeping          |     4 |     1 ||     5
       Distracted        |       |     1 ||     1
Armor: Robe              |    69 |       ||    69
       Ring mail         |     4 |     4 ||     8
Dodge: Dodged            |   193 |    13 ||   206
